 Dungeon Crawl Stone Soup version 0.23-a0-80-gc95c2c7 (webtiles) character file.

16 Amnesiac the Gusty (level 2, 0/19 HPs)
             Began as a Mummy Air Elementalist on Aug 13, 2018.
             Slain by an adder (3 damage)
             ... on level 3 of the Dungeon.
             The game lasted 00:01:24 (352 turns).

Amnesiac the Gusty (Mummy Air Elementalist)          Turns: 352, Time: 00:01:25

Health: 0/19       AC:  2    Str: 11    XL:     2   Next: 41%
Magic:  0/6        EV: 12    Int: 14    God:
Gold:   52         SH:  0    Dex: 12    Spells: 6/7 levels left

rFire    x . .     SeeInvis .   b - +0 dagger
rCold    + . .     Gourm    .   (no shield)
rNeg     + + +     Faith    .   a - +0 robe
rPois    ∞         Spirit   .   (no helmet)
rElec    .         Reflect  .   (no cloak)
rCorr    .         Harm     .   (no gloves)
MR       .....                  (no boots)
Stlth    ++........             (no amulet)
HPRegen  0.06/turn              (no ring)
MPRegen  0.10/turn              (no ring)

@: very slightly contaminated
A: no food or potions, fire vulnerability, cold resistance 1, negative energy
resistance 3, torment resistance, unbreathing
a: no special abilities


You were on level 3 of the Dungeon.
You were not hungry.

You visited 1 branch of the dungeon, and saw 3 of its levels.

You collected 52 gold pieces.

Inventory:

Hand Weapons
 b - a +0 dagger (weapon)
Missiles
 d - 4 javelins of penetration (quivered)
Armour
 a - a +0 robe (worn)
Wands
 h - a wand of paralysis (9)
Scrolls
 c - 2 scrolls of noise {!r, unknown}
 e - a scroll of blinking {!r, unknown}
 f - a scroll of remove curse {!r, unknown}
 g - a scroll of identify {!r, unknown}


   Skills:
 - Level 1.5 Dodging
 - Level 1.5 Stealth
 + Level 3.0 Spellcasting
 - Level 0.7 Conjurations
 - Level 3.0 Air Magic


You had 6 spell levels left.
You knew the following spells:

 Your Spells              Type           Power        Failure   Level  Hunger
a - Shock                 Conj/Air       #...         10%         1    N/A

Your spell library contained the following spells:

 Spells                   Type           Power        Failure   Level  Hunger
 Lightning Bolt           Conj/Air       #.........   95%         5    N/A
 Swiftness                Chrm/Air       #.......     17%         2    N/A
 Airstrike                Air            ##........   52%         4    N/A
 Static Discharge         Conj/Air       #.......     30%         3    N/A

Dungeon Overview and Level Annotations

Branches:
Dungeon (3/15)

Altars:
Ashenzari

Annotations:
D:2 Terence


Innate Abilities, Weirdness & Mutations

You do not eat or drink.
Your flesh is vulnerable to fire.
You are immune to poison.
Your flesh is cold resistant. (rC+)
You are immune to negative energy. (rN+++)
You are immune to unholy pain and torment.
You can survive without breathing.


Message History

Found a scroll labeled FEWUCA QOFUOSU.
Terence the Incautious comes into view.
He is wielding a flail.
Found 25 stones.
You now have 52 gold pieces (gained 12).
There are no items here.
A worm comes into view.
Found a ration.
The worm misses you.
An adder comes into view.
Found a stone staircase leading down.
Found 12 gold pieces.
The adder completely misses you. The adder bites you.
There is a stone staircase leading down here.
The adder bites you.
You climb downwards.
Found a stone staircase leading up.
There is a stone staircase leading up here.
There is a stone staircase leading up here.
The adder barely misses you.
Casting: Shock (safe; 10% risk of failure)
Confirm with . or Enter, or press ? or * to list all spells.
Aiming: Shock (safe; 10% risk of failure)
Press: ? - help, Shift-Dir - straight line You miscast Shock.
You are very lightly contaminated with residual magic.
The air around you crackles with energy!
The adder bites you.
Casting: Shock (safe; 10% risk of failure)
Confirm with . or Enter, or press ? or * to list all spells.
Aiming: Shock (safe; 10% risk of failure)
Press: ? - help, Shift-Dir - straight line The zap hits the adder.
The adder is lightly wounded.
The zap hits the adder.
The adder is moderately wounded.
The adder misses you.
Casting: Shock (safe; 10% risk of failure)
Confirm with . or Enter, or press ? or * to list all spells.
Aiming: Shock (safe; 10% risk of failure)
Press: ? - help, Shift-Dir - straight line The zap hits the adder.
The adder is heavily wounded.
The zap misses the adder.
The adder bites you.
* * * LOW HITPOINT WARNING * * *
The adder misses you.
Casting: Shock (safe; 10% risk of failure)
Confirm with . or Enter, or press ? or * to list all spells.
Aiming: Shock (safe; 10% risk of failure)
Press: ? - help, Shift-Dir - straight line The zap misses the adder. x2; The adder bites you.
* * * LOW HITPOINT WARNING * * *
Casting: Shock (safe; 10% risk of failure)
Confirm with . or Enter, or press ? or * to list all spells.
Aiming: Shock (safe; 10% risk of failure)
Press: ? - help, Shift-Dir - straight line The zap misses the adder. x2; The adder barely misses you.
Casting: Shock (safe; 10% risk of failure)
Confirm with . or Enter, or press ? or * to list all spells.
Aiming: Shock (safe; 10% risk of failure)
Press: ? - help, Shift-Dir - straight line The zap misses the adder. x2; The adder bites you.
* * * LOW HITPOINT WARNING * * *
The adder bites you.
You die...

#.#
#.#
#..
#.#
#.##
#..
#.#
#@#
#S#
#<#
#.#
.#.
#.
#.
..
##
.##
.


You could see an adder.

Vanquished Creatures
  An adder (D:2)
  A leopard gecko (D:2)
  A ball python (D:2)
  A giant cockroach (D:2)
  2 goblins (D:2)
6 creatures vanquished.

Notes
Turn   | Place    | Note
-------+----------+-------------------------------------------
     0 | D:1      | Amnesiac the Mummy Air Elementalist began the quest for the Orb.
     0 | D:1      | Reached XP level 1. HP: 13/13 MP: 4/4
    75 | D:2      | Reached XP level 2. HP: 13/19 MP: 0/5
   140 | D:2      | Found a shattered altar of Ashenzari.
   306 | D:2      | Noticed Terence
   352 | D:3      | Slain by an adder

Vault maps used:
D:1:      dpeg_arrival_tiny_c
D:2:      nicolae_overflow_crystal_walls, uniq_terence
D:3:      first_ration, hangedman_abyss_or_decor_stabs

Skill      XL: |  1  2 |
---------------+-------+-----
Air Magic      | 3 |  3.0
Spellcasting   | 3 |  3.0
Dodging        | |  1.5
Stealth        | |  1.5
Conjurations   | |  0.7

Action                   || total
-------------------------++-------
Melee: Dagger            ||     6
 Cast: Shock             ||    22
Armor: Robe              ||     3
Dodge: Dodged            ||    31

Table legend:
 A = Non-vault XP
 B = Vault XP
 C = Vault XP percentage of total XP
 D = Non-vault monster count
 E = Vault monster count
 F = Vault count percentage of total count
 G = Total turns spent on level
                 A         B        C        D         E       F
            +---------+---------+-------+---------+---------+-------
      Total |      24 |       0 |   0.0 |       6 |       0 |   0.0
            +---------+---------+-------+---------+---------+-------
        D:2 |      24 |       0 |   0.0 |       6 |       0 |   0.0
            +---------+---------+-------+---------+---------+-------
